 Dungeon Crawl Stone Soup version 0.26.1-10-gdfb7c7de75 (webtiles) character file.

Game seed: 13506718355155546509

81888 tardwrangler69 the Slicer (level 15, -17/87 HPs)
             Began as a Vine Stalker Fighter on Apr 7, 2021.
             Was a Follower of Uskayaw.
             Killed from afar by an ice dragon (28 damage)
             ... with a blast of cold
             ... on level 13 of the Dungeon.
             The game lasted 00:37:15 (20406 turns).

tardwrangler69 the Slicer (Vine Stalker Fighter)   Turns: 20406, Time: 00:37:16

Health: -17/87     AC: 26    Str: 25    XL:     15   Next: 71%
Magic:  0/24       EV: 11    Int:  8    God:    Uskayaw [*.....]
Gold:   2756       SH: 10    Dex: 14    Spells: 14/14 levels left

rFire    . . .     SeeInvis .   a - +1 rapier
rCold    . . .     Faith    .   l - +0 buckler
rNeg     . . .     Spirit   +   O - +3 plate armour
rPois    +         Reflect  +   s - +1 helmet
rElec    .         Harm     .   (no cloak)
rCorr    .         Rampage  .   (no gloves)
Will     +....                  x - +1 pair of boots
Stlth    ..........             t - amulet of reflection
HPRegen  1.04/turn              g - +4 ring of protection
MPRegen  0.19/turn              B - ring of poison resistance

@: about to teleport, studying Fighting
A: fangs 3, regeneration 2, magic shield, antimagic bite, no potion heal 3
a: Renounce Religion, Stomp


You were on level 13 of the Dungeon.
You worshipped Uskayaw.
Uskayaw was aware of your devotion.
You visited 4 branches of the dungeon, and saw 22 of its levels.

You collected 2770 gold pieces.
You spent 14 gold pieces at shops.

Inventory:

Hand Weapons
 a - a +1 rapier (weapon)
 H - a +2 scimitar of flaming
Missiles
 K - 7 silver javelins (quivered)
Armour
 c - a +0 kite shield
 l - a +0 buckler (worn)
 p - a +2 chain mail of cold resistance
 s - a +1 helmet (worn)
 x - a +1 pair of boots (worn)
 O - a +3 plate armour (worn)
Jewellery
 g - a +4 ring of protection (left hand)
 i - an uncursed ring of stealth
 t - an amulet of reflection (around neck)
 w - an uncursed amulet of magic regeneration {unknown}
 A - an uncursed amulet of the acrobat {unknown}
 B - a ring of poison resistance (right hand)
 F - an uncursed ring of ice
 P - an uncursed ring of ice
Wands
 q - a wand of enslavement (20)
 v - a wand of digging (4)
 z - a wand of random effects (37)
Scrolls
 f - 8 scrolls of identify
 k - 2 scrolls of amnesia
 m - 2 scrolls of teleportation
 n - 5 scrolls of remove curse
 o - 2 scrolls of enchant armour
 u - 3 scrolls of enchant weapon
 y - a scroll of holy word
 E - 2 scrolls of immolation
 I - 2 scrolls of magic mapping
 J - 2 scrolls of blinking
 Q - a scroll of silence
Potions
 b - 4 potions of haste
 d - 6 potions of might
 e - 5 potions of heal wounds
 h - 2 potions of lignification
 j - 10 potions of curing
 r - 3 potions of flight
 C - 2 potions of attraction
 D - 2 potions of ambrosia
 G - 2 potions of magic
 L - a potion of resistance
Books
 M - a manual of Fighting
Miscellaneous
 N - a phantom mirror


   Skills:
 + Level 13.8 Fighting
 - Level 14.0 Short Blades
 - Level 10.1 Armour
 + Level 6.9 Dodging
 - Level 4.0 Shields
 + Level 11.2 Invocations


You had 14 spell levels left.
You didn't know any spells.
Your spell library contained the following spells:

 Spells                   Type           Power        Failure   Level
 Animate Skeleton         Necr           0%           99%         1
 Apportation              Tloc           0%           99%         1
 Beastly Appendage        Tmut           0%           99%         1
 Corona                   Hex            0%           99%         1
 Freeze                   Ice            0%           99%         1
 Shock                    Conj/Air       0%           99%         1
 Summon Small Mammal      Summ           0%           99%         1
 Swiftness                Air            0%           100%        2
 Wereblood                Tmut           0%           100%        2
 Frozen Ramparts          Ice            0%           100%        3
 Ozocubu's Armour         Ice            0%           100%        3
 Spider Form              Tmut/Pois      0%           100%        3
 Static Discharge         Conj/Air       0%           100%        3
 Airstrike                Air            0%           100%        4
 Hailstorm                Conj/Ice       0%           100%        4
 Ice Form                 Ice/Tmut       0%           100%        4
 Summon Ice Beast         Ice/Summ       0%           100%        4
 Blade Hands              Tmut           0%           100%        5
 Lightning Bolt           Conj/Air       0%           100%        5


Dungeon Overview and Level Annotations

Branches:
Dungeon (13/15)            Temple (1/1) D:6            Lair (6/6) D:9
 Shoals (0/4) Lair:2        Snake (0/4) Lair:4        Slime (0/5) Lair:5
    Orc (2/2) D:9             Elf (0/3) Orc:2
 Vaults: D:13-14

Altars:
Ashenzari
Cheibriados
Dithmenos
Elyvilon
Fedhas
Gozag
Hepliaklqana
Kikubaaqudgha
Makhleb
Nemelex Xobeh
Okawaru
Qazlal
Ru
Sif Muna
Trog
Uskayaw
Vehumet
Wu Jian
Xom
Yredelemnul
Zin
The Shining One
Beogh

Shops:
D:4 =   D:9 !   Orc:2 ([*:

Annotations:
D:10 Fannar
Lair:4 exclusion: oklob plant


Innate Abilities, Weirdness & Mutations

You have razor-sharp teeth.
You heal very quickly.
When hurt, damage is shared between your health and your magic reserves.
Your bite disrupts and absorbs the magic of your enemies.
Potions cannot restore your health.


Message History

The boulder beetle bites you but does no damage.
Your surroundings suddenly seem different.
You can no longer merge with and destroy a victim.
An orc warrior comes into view.
It is wielding a -3 battleaxe and wearing the ring "Witorihu" {+Fly rElec rF+ Int+3}.
The orc warrior throws a stone.
The stone hits you but does no damage.
The ice dragon roars deafeningly!
You hear a shout!
The orc warrior throws a stone.
You reflect the stone off an invisible shield around you!
The stone barely misses the orc warrior.
The ice dragon breathes frost at you. The blast of cold hits you!!
* * * LOW HITPOINT WARNING * * *
As you read the scroll of teleportation, it crumbles to dust.
You feel strangely unstable.
You can no longer pass through a line of other dancers.
The orc warrior throws a stone.
The stone hits you but does no damage.
The orc warrior throws a stone.
The stone hits you but does no damage. The ice dragon breathes frost at you.
The blast of cold hits you!!
You die...

.....°†........
#####°#####.###
#.##.#(## ...
#.#.#(#(# ..#
#..#.#g#.. ..#
#.#(#)#.#.. #.#
..##)#.##....
#.## #####)##
#.# ###.### #


Bl. .. #.@.D.# 8 {..# #.###.# .. .$.Y. ... ... 8.# $..#...o.#. .#..# ###
...#.(...#. .#.## # .#####.# ## ## # . #. . You could see an ice dragon
(catching breath) and an orc warrior.

Vanquished Creatures
  An orc warlord (Orc:2)
  A stone giant (Orc:2)
  Azrael (Orc:2)
  Josephine (Orc:2)
  An ogre mage (Orc:1)
  A great orb of eyes (D:13)
  7 hydras
  3 catoblepae
  A boulder beetle (Lair:4)
  Erica (Lair:2)
  2 centaur warriors (D:13)
  10 two-headed ogres
  A deep troll shaman (Lair:6)
  11 death yaks
  2 orc high priests (Orc:2)
  An unseen horror (D:12)
  4 orc knights
  A deep elf mage (D:13)
  An ugly thing (D:12)
  8 orc sorcerers
  2 cyclopes
  A centaur zombie (D:11)
  12 elephants
  4 black mambas
  Psyche (D:9)
  17 cane toads
  2 gargoyles (D:12)
  Maggie (D:10)
  A rime drake (Lair:5)
  11 komodo dragons
  8 trolls
  5 polar bears
  9 blink frogs
  8 dream sheep
  2 shadows
  5 fire elementals (Orc:2)
  6 wraiths
  5 wyverns
  10 basilisks
  52 yaks
  8 wargs
  A soldier ant (D:13)
  An acid dragon (D:12)
  9 water moccasins
  3 hell hounds
  An ice beast (D:10)
  7 phantoms
  7 black bears
  17 orc warriors
  3 eyes of draining
  3 sky beasts (D:9)
  A boggart (D:13)
  14 centaurs
  22 ogres
  10 wolves
  24 bullfrogs
  A wyvern zombie (D:13)
  A gnoll sergeant (D:10)
  A water moccasin skeleton (D:9)
  4 scorpions
  4 wights (D:11)
  12 killer bees
  A howler monkey (D:9)
  A bullfrog zombie (D:6)
  7 orc priests
  A quasit (D:8)
  A gnoll shaman (D:5)
  A centaur skeleton (D:7)
  3 hounds
  A bullfrog skeleton (D:6)
  3 iguanas
  11 orc wizards
  7 worker ants
  16 gnolls
  12 adders
  2 shadow imps
  A white imp (D:8)
  2 oozes
  An adder zombie (D:8)
  A worm (D:3)
  3 dart slugs
  A leopard gecko (D:7)
  52 orcs
  2 ball pythons
  6 bats
  5 giant cockroaches
  5 goblins
  7 hobgoblins
  5 jackals
  9 kobolds
  5 quokkas
  5 frilled lizards
  A jackal skeleton (D:7)
  A quokka skeleton (D:7)
  10 rats
564 creatures vanquished.

Vanquished Creatures (others)
  An orc (Orc:2)
  62 fungi
  42 plants
105 creatures vanquished.

Grand Total: 669 creatures vanquished

Notes
Turn   | Place    | Note
-------+----------+-------------------------------------------
     0 | D:1      | tardwrangler69 the Vine Stalker Fighter began the quest for
                  | the Orb.
     0 | D:1      | Reached XP level 1. HP: 11/11 MP: 2/2
   300 | D:1      | Reached skill level 2 in Short Blades
   409 | D:1      | Reached XP level 2. HP: 11/16 MP: 3/3
  1205 | D:2      | Reached XP level 3. HP: 17/20 MP: 4/4
  1568 | D:2      | Reached skill level 3 in Short Blades
  1568 | D:2      | Gained mutation: Your natural rate of healing is unusually
                  | fast. [Vine Stalker growth]
  1568 | D:2      | Reached XP level 4. HP: 24/24 MP: 5/5
  2232 | D:3      | Reached XP level 5. HP: 28/28 MP: 6/6
  2302 | D:3      | Found an iron altar of Okawaru.
  2302 | D:3      | Found a white marble altar of Elyvilon.
  2920 | D:4      | Reached skill level 4 in Short Blades
  2920 | D:4      | Reached XP level 6. HP: 33/33 MP: 7/7
  3220 | D:4      | Found Huheut's Jewellery Shop.
  3423 | D:4      | Noticed a phantom
  3449 | D:4      | Killed a phantom
  3450 | D:4      | Reached skill level 5 in Short Blades
  3450 | D:4      | Reached XP level 7. HP: 37/37 MP: 8/8
  3642 | D:5      | Entered Level 5 of the Dungeon
  3926 | D:5      | Found a white marble altar of Elyvilon.
  4834 | D:6      | Gained mutation: You have razor-sharp teeth. [Vine Stalker
                  | growth]
  4834 | D:6      | Reached XP level 8. HP: 38/42 MP: 9/9
  4894 | D:6      | Reached skill level 6 in Short Blades
  5380 | D:6      | Reached skill level 5 in Fighting
  5682 | D:6      | Found a staircase to the Ecumenical Temple.
  5743 | D:6      | Reached skill level 7 in Short Blades
  5887 | D:6      | Reached skill level 5 in Armour
  6095 | Temple   | Entered the Ecumenical Temple
  6261 | Temple   | Became a worshipper of Uskayaw the Reveller
  6293 | D:7      | Reached * piety under Uskayaw
  6329 | D:7      | Reached ** piety under Uskayaw
  6371 | D:7      | Reached XP level 9. HP: 20/48 MP: 4/10
  6667 | D:7      | Reached *** piety under Uskayaw
  6670 | D:7      | Reached **** piety under Uskayaw
  6678 | D:7      | Reached ***** piety under Uskayaw
  6705 | D:7      | Reached skill level 8 in Short Blades
  6940 | D:7      | Noticed a cyclops
  6952 | D:7      | HP: 3/72 [cyclops (7)]
  6954 | D:7      | Killed a cyclops
  7211 | D:8      | Noticed a two-headed ogre
  7217 | D:8      | Killed a two-headed ogre
  7218 | D:8      | Reached skill level 9 in Short Blades
  7218 | D:8      | Reached XP level 10. HP: 49/53 MP: 9/11
  7452 | D:8      | Noticed a two-headed ogre
  7470 | D:8      | Killed a two-headed ogre
  7612 | D:8      | You fall into a shaft and drop 3 floors!
  7649 | D:11     | Reached skill level 10 in Short Blades
  7787 | D:10     | Entered Level 10 of the Dungeon
  7954 | D:9      | Reached ****** piety under Uskayaw
  7958 | D:9      | Reached XP level 11. HP: 58/60 MP: 12/12
  7968 | D:9      | Found a staircase to the Orcish Mines.
  8171 | D:9      | Found a staircase to the Lair.
  8443 | D:9      | Found Majih's Distillery.
  8451 | D:9      | Bought a potion of degeneration for 14 gold pieces
  8469 | D:9      | Noticed Psyche
  8483 | D:9      | Killed Psyche
  8484 | D:9      | Reached skill level 11 in Short Blades
  8777 | D:9      | Identified a scroll of acquirement
  8777 | D:9      | Acquired 732 gold pieces
  9017 | D:10     | Noticed Maggie
  9040 | D:10     | Killed Maggie
  9159 | D:10     | Noticed Fannar
  9231 | Lair:1   | Entered Level 1 of the Lair of Beasts
  9250 | Lair:1   | Noticed an eight-headed hydra
  9536 | Lair:1   | Reached skill level 1 in Invocations
  9954 | Lair:1   | Gained mutation: You heal very quickly. [Vine Stalker
                  | growth]
  9954 | Lair:1   | Reached XP level 12. HP: 22/66 MP: 9/15
 10085 | Lair:1   | Reached skill level 12 in Short Blades
 11287 | Lair:2   | Noticed a seven-headed hydra
 11396 | Lair:2   | Killed a seven-headed hydra
 11397 | Lair:2   | Reached skill level 5 in Invocations
 11555 | Lair:2   | Noticed Erica
 11564 | Lair:2   | Killed Erica
 11565 | Lair:2   | Reached skill level 10 in Fighting
 11573 | Lair:2   | Found a staircase to the Shoals.
 11582 | Lair:2   | Noticed a seven-headed hydra
 11590 | Lair:2   | Killed a five-headed hydra
 12030 | Lair:3   | Noticed a death yak
 12030 | Lair:3   | Noticed a death yak
 12030 | Lair:3   | Noticed a death yak
 12039 | Lair:3   | Noticed a death yak
 12050 | Lair:2   | Killed a death yak
 12051 | Lair:2   | Reached XP level 13. HP: 49/72 MP: 14/18
 12753 | Lair:4   | Reached skill level 10 in Armour
 12914 | Lair:4   | Found a staircase to the Snake Pit.
 13122 | Lair:4   | Reached skill level 1 in Dodging
 14476 | Lair:5   | Found a staircase to the Slime Pits.
 14942 | Lair:6   | Entered Level 6 of the Lair of Beasts
 15114 | Lair:6   | Reached XP level 14. HP: 79/79 MP: 21/21
 16235 | Lair:6   | Acquired a manual of Fighting
 16584 | Orc:1    | Entered Level 1 of the Orcish Mines
 16722 | Orc:1    | Found a roughly hewn altar of Beogh.
 16750 | D:9      | Reached skill level 5 in Dodging
 17371 | Orc:1    | Reached skill level 10 in Invocations
 17446 | Orc:1    | Reached skill level 13 in Short Blades
 17654 | Orc:2    | Entered Level 2 of the Orcish Mines
 17666 | Orc:2    | Noticed an orc warlord
 17668 | Orc:2    | Paralysed by an orc sorcerer for 2 turns
 17807 | Orc:2    | Paralysed by an orc sorcerer for 4 turns
 17835 | Orc:2    | Found Taawac's General Store.
 17855 | Orc:2    | Found Beneywku's Antique Weapon Shop.
 17904 | Orc:2    | Found a staircase to the Elven Halls.
 17991 | Orc:2    | Killed an orc warlord
 17992 | Orc:2    | Reached XP level 15. HP: 24/77 MP: 15/23
 18224 | Orc:2    | Found Fuisuph's Antique Armour Shoppe.
 18299 | Orc:2    | Noticed Azrael
 18445 | Orc:2    | Killed Azrael
 18519 | Orc:2    | Found Qoppexax's Book Boutique.
 18548 | Orc:2    | Noticed Josephine
 18559 | Orc:2    | Killed Josephine
 20255 | D:13     | Identified the ring of Naoschem {rC+ rN+ Str+2}
 20266 | D:13     | Reached skill level 14 in Short Blades
 20401 | D:13     | Identified the ring "Witorihu" {+Fly rElec rF+ Int+3}
 20406 | D:13     | Killed from afar by an ice dragon

Illustrated notes

Levels and vault maps discovered:
D:1:      dpeg_arrival_simpleton_a, layout_loops_ring, serial_bayou_lake_a
D:2:      layout_basic
D:3:      layout_basic, gammafunk_temple_overflow_statue
D:4:      layout_basic, serial_shops, shop
D:5:      layout_basic, basic_altar, st_stairs_5
D:6:      layout_layer_cave, temple_fountains, nicolae_zen_rock_garden,
          nicolae_underground_beach
D:7:      layout_basic
D:8:      layout_basic, corexii_checkpoint_a, kennysheep_generic_room_15
D:9:      layout_irregular_city, dpeg_oklobed_lair, minmay_orc_entry_guard_dogs,
          serial_shops, shop, uniq_psyche
D:10:     layout_irregular_city, enter_bailey_6, uniq_harold, uniq_maggie,
          uniq_fannar
D:11:     layout_loops_ring
D:12:     layout_basic
D:13:     minmay_the_grid_square_5x5_5x5
          [minmay_the_grid_square_5x5_half_checkered,
          minmay_the_grid_square_5x5_inner_z,
          minmay_the_grid_square_5x5_intrusive_squares,
          minmay_the_grid_square_5x5_fancy_junction,
          minmay_the_grid_square_5x5_spiral, minmay_the_grid_square_5x5_c,
          minmay_the_grid_square_5x5_prize_pseudospiral,
          minmay_the_grid_square_5x5_slash,
          minmay_the_grid_square_5x5_prize_open,
          minmay_the_grid_square_5x5_checkered,
          minmay_the_grid_square_5x5_minivault,
          minmay_the_grid_square_5x5_inner_v,
          minmay_the_grid_square_5x5_prize_itemx,
          minmay_the_grid_square_5x5_dogpile,
          minmay_the_grid_square_5x5_two_walls_b,
          minmay_the_grid_square_5x5_doubleslash,
          minmay_the_grid_square_5x5_prize_monsterx,
          minmay_the_grid_square_5x5_gyroscope,
          minmay_the_grid_square_5x5_prize_deathbox,
          minmay_the_grid_square_5x5_almost_minimal,
          minmay_the_grid_square_5x5_percent,
          minmay_the_grid_square_5x5_shuriken, minmay_the_grid_square_5x5_eight,
          minmay_the_grid_square_5x5_z, minmay_the_grid_square_5x5_two_walls_a],
          layout_loops_ring, serial_co_window_serial, co_window_paths_b,
          co_window_of_opportunity_a, co_window_corner_a,
          co_window_of_opportunity_a, co_window_paths_a, co_window_paths_b,
          co_window_unsneaky_path_c, co_window_cross_3, glass_columns_a,
          glass_columns_a, glass_columns_b, glass_columns_c, basic_altar
Temple:   regret_index_temple_chain_breaker
Lair:1:   layout_layer_cave, minivault_27, grunt_megastairs_4
Lair:2:   layout_chaotic_city, minmay_shoals_entry_centaurs,
          beast_lair_carwin_7, uniq_erica
Lair:3:   layout_loops_ring, serial_bayou_shore_a
Lair:4:   layout_loops_ring, guppyfry_snake_entry_island
Lair:5:   layout_cave_pods, slime_dummy, grunt_megastairs_3,
          infiniplex_staircase_pool_2
Lair:6:   grunt_lair_end_beastmaster, layout_long_grid, minivault_23,
          kennysheep_basilisk_garden
Orc:1:    lemuel_ogre_cave, layout_caves, basic_altar, abandoned_shop
Orc:2:    grunt_orc_gardens, layout_diamond_mine, grunt_orc_garden,
          grunt_orc_garden, grunt_orc_garden, grunt_orc_garden, uniq_azrael,
          uniq_josephine

Skill      XL: |  1  2  3  4  5  6  7  8  9 10 11 12 13 14 15 |
---------------+----------------------------------------------+-----
Short Blades   | 2 3 4 5 7 9 10 11 12 13 14 | 14.0
Fighting       | 3 4 5 6 8 9 10 11 12 13 | 13.8
Armour         | 3 4 5 6 7 8 9 10 | 10.1
Shields        | 3 4 |  4.0
Invocations    | 2 6 9 10 11 | 11.2
Dodging        | 3 5 6 |  6.9

Action                   |  1- 3 |  4- 6 |  7- 9 | 10-12 | 13-15 || total
-------------------------+-------+-------+-------+-------+-------++-------
Melee: Rapier            |    85 |   195 |   342 |   668 |  1361 ||  2651
       Bite              |    21 |    69 |   102 |   272 |   638 ||  1102
       Scimitar          |       |       |       |     9 |       ||     9
Invok: Stomp             |       |       |       |       |     2 ||     2
Evoke: Wand              |       |       |       |     7 |     2 ||     9
  Use: Scroll            |       |       |    10 |    11 |     9 ||    30
       Potion            |       |       |     1 |     1 |       ||     2
 Stab: Paralysed         |       |       |     5 |    29 |    75 ||   109
       Petrified         |       |       |       |       |     8 ||     8
Armor: Scale mail        |    33 |    64 |       |       |       ||    97
       Chain mail        |       |    29 |   231 |   234 |   187 ||   681
       Skin              |       |       |     1 |     2 |       ||     3
       Plate armour      |       |       |       |       |   233 ||   233
Dodge: Dodged            |    48 |    97 |   129 |   115 |   305 ||   694
Block: Kite shield       |       |     1 |       |       |       ||     1
       Buckler           |       |       |    16 |   235 |   410 ||   661
       Reflection        |       |       |       |     5 |    21 ||    26
